[ AOE2 MATCH · #495893290 ]
UnrankedBerbers vs Sicilians
Player's team · LOSS
Rival team · WIN
[ REPLAY ANALYSIS · EXTRACTED FROM THE RECORDED GAME ]
Feudal
8:53
Castle
21:20
Imperial
—
| APM avg | 60.3 |
| APM peak | 96 |
| eAPM avg | 30.3 |
| Villagers / military | 117 / 102 |
Focus
⚔️ 32.1% · 🌾 67.9%
Knight ×74 · Monk ×18 · Spearman ×6 · Archer ×2 · Skirmisher ×2
Feudal
9:15
Castle
21:30
Imperial
—
| APM avg | 61.6 |
| APM peak | 93 |
| eAPM avg | 25.0 |
| Villagers / military | 120 / 66 |
Focus
⚔️ 34.2% · 🌾 65.8%
Knight ×45 · Skirmisher ×10 · Monk ×6 · Scout Cavalry ×4 · Spearman ×1
Match map
Initial resources + every placement click. Lines = walls · curves = elevation contours. ◆ gold · ⬟ stone · ● berries · ✦ relic · ◌ wall gap
Your base· Open — 4t gap
73_Quảng Bình's base· ✓ Closed at 21:30 · 37t walls · 1 gate(s)
Smoothed initial terrain · ◌ = detected wall gap · hover for details
Inputs per minute
— kk900826 - - 73_Quảng Bình
Build order — kk900826
First 150 of 299 actions detected
| 0:00 | Create | Villager (Male) |
| 0:01 | Create | Villager (Male) |
| 0:02 | Build | House |
| 0:04 | Build | House |
| 0:07 | Create | Villager (Male) ×2 |
| 0:07 | Create | Villager (Male) ×2 |
| 0:07 | Create | Villager (Male) ×2 |
| 1:24 | Create | Villager (Male) |
| 1:25 | Create | Villager (Male) |
| 1:59 | Build | Lumber Camp |
| 2:02 | Create | Villager (Male) |
| 2:02 | Create | Villager (Male) |
| 2:13 | Create | Villager (Male) |
| 2:13 | Create | Villager (Male) |
| 2:45 | Create | Villager (Male) |
| 3:12 | Create | Villager (Male) |
| 3:13 | Create | Villager (Male) |
| 3:32 | Create | Villager (Male) |
| 3:33 | Create | Villager (Male) |
| 3:53 | Build | House |
| 4:01 | Create | Villager (Male) |
| 4:01 | Create | Villager (Male) |
| 4:02 | Create | Villager (Male) |
| 4:02 | Create | Villager (Male) |
| 4:37 | Create | Villager (Male) |
| 4:37 | Create | Villager (Male) |
| 4:38 | Create | Villager (Male) |
| 4:53 | Create | Villager (Male) ×2 |
| 4:54 | Create | Villager (Male) ×2 |
| 5:08 | Build | Mill |
| 5:11 | Create | Villager (Male) |
| 5:25 | Create | Villager (Male) |
| 5:25 | Create | Villager (Male) |
| 5:25 | Create | Villager (Male) |
| 5:59 | Research | Loom |
| 5:59 | Research | Loom |
| 6:43 | Research | Feudal Age |
| 7:34 | Build | Mining Camp |
| 8:29 | Create | Villager (Male) |
| 8:30 | Create | Villager (Male) |
| 8:39 | Build | Barracks |
| 8:53 | Age | Feudal Age |
| 9:09 | Research | Double-Bit Axe |
| 9:09 | Research | Double-Bit Axe |
| 9:23 | Build | House |
| 9:33 | Build | Archery Range |
| 9:55 | Create | Villager (Male) |
| 10:10 | Create | Spearman |
| 10:18 | Build | House |
| 10:19 | Build | House |
| 10:28 | Create | Archer |
| 10:28 | Create | Archer |
| 10:31 | Build | Palisade Wall |
| 10:41 | Build | House |
| 10:44 | Build | House |
| 10:47 | Create | Villager (Male) |
| 10:47 | Create | Villager (Male) |
| 11:00 | Build | Blacksmith |
| 11:06 | Create | Spearman |
| 11:23 | Create | Villager (Male) |
| 11:23 | Create | Villager (Male) |
| 11:30 | Build | House |
| 11:35 | Build | Palisade Wall |
| 11:45 | Build | Palisade Wall |
| 11:47 | Build | House |
| 11:48 | Build | House |
| 11:49 | Create | Villager (Male) |
| 11:55 | Create | Spearman |
| 12:22 | Build | Palisade Wall |
| 12:23 | Build | Palisade Wall |
| 12:27 | Create | Spearman |
| 12:35 | Build | Farm |
| 12:39 | Build | Farm |
| 12:40 | Build | Farm |
| 12:51 | Create | Villager (Male) |
| 13:02 | Create | Villager (Male) |
| 13:07 | Build | Farm |
| 13:10 | Create | Villager (Male) |
| 13:35 | Create | Villager (Male) |
| 13:37 | Build | Farm |
| 13:51 | Build | House |
| 13:54 | Build | Palisade Wall |
| 13:55 | Build | Palisade Wall |
| 14:05 | Create | Villager (Male) |
| 14:17 | Create | Spearman |
| 14:22 | Build | House |
| 14:23 | Build | House |
| 14:24 | Build | House |
| 14:26 | Create | Villager (Male) |
| 14:31 | Build | Farm |
| 14:48 | Create | Villager (Male) |
| 14:50 | Build | Farm |
| 15:00 | Build | Palisade Wall |
| 15:11 | Create | Villager (Male) |
| 15:12 | Build | Farm |
| 15:14 | Build | Farm |
| 15:20 | Build | Palisade Wall |
| 15:24 | Create | Villager (Male) |
| 15:36 | Create | Skirmisher |
| 15:37 | Create | Skirmisher |
| 15:57 | Create | Villager (Male) |
| 15:59 | Build | Farm |
| 16:15 | Create | Spearman |
| 16:43 | Build | Farm |
| 16:51 | Build | Palisade Wall |
| 16:56 | Build | Farm |
| 16:59 | Build | Farm |
| 17:18 | Create | Villager (Male) |
| 17:39 | Create | Villager (Male) |
| 18:06 | Build | Palisade Wall |
| 18:11 | Build | Palisade Wall |
| 18:40 | Research | Castle Age |
| 19:11 | Build | Stable |
| 19:17 | Research | Gold Mining |
| 19:17 | Research | Gold Mining |
| 19:40 | Research | Scale Barding Armor |
| 19:40 | Research | Scale Barding Armor |
| 19:59 | Build | Stable |
| 20:23 | Research | Forging |
| 20:23 | Research | Forging |
| 20:28 | Research | Bloodlines |
| 21:11 | Create | Villager (Male) |
| 21:12 | Create | Villager (Male) |
| 21:17 | Build | Lumber Camp |
| 21:20 | Age | Castle Age |
| 21:21 | Research | Horse Collar |
| 21:22 | Research | Horse Collar |
| 21:25 | Research | Bow Saw |
| 21:25 | Research | Bow Saw |
| 21:27 | Create | Knight |
| 21:27 | Create | Knight |
| 21:43 | Create | Knight |
| 21:43 | Create | Knight |
| 21:43 | Create | Knight |
| 22:08 | Build | Palisade Wall |
| 22:10 | Create | Knight |
| 22:10 | Create | Knight |
| 22:10 | Create | Knight |
| 22:17 | Create | Villager (Male) |
| 22:18 | Create | Villager (Male) |
| 22:27 | Create | Knight |
| 22:37 | Build | Farm |
| 22:48 | Create | Knight |
| 22:49 | Create | Knight |
| 22:55 | Create | Knight |
| 22:55 | Create | Knight |
| 23:09 | Create | Knight |
| 23:18 | Build | Monastery |
| 23:22 | Create | Knight |
| 23:22 | Create | Knight |
Build order — 73_Quảng Bình
First 150 of 308 actions detected
| 0:00 | Create | Villager (Male) |
| 0:00 | Create | Villager (Male) |
| 0:00 | Create | Villager (Male) |
| 0:01 | Create | Villager (Male) |
| 0:02 | Build | House |
| 0:03 | Build | House |
| 1:33 | Create | Villager (Male) |
| 1:33 | Create | Villager (Male) |
| 2:03 | Create | Villager (Male) |
| 2:04 | Create | Villager (Male) |
| 2:13 | Build | Lumber Camp |
| 2:16 | Create | Villager (Male) |
| 2:22 | Build | Lumber Camp |
| 2:32 | Create | Villager (Male) |
| 3:01 | Create | Villager (Male) |
| 3:01 | Create | Villager (Male) |
| 3:34 | Create | Villager (Male) |
| 3:34 | Create | Villager (Male) |
| 3:40 | Create | Villager (Male) |
| 3:40 | Create | Villager (Male) |
| 3:49 | Build | House |
| 3:50 | Build | House |
| 4:21 | Create | Villager (Male) |
| 4:48 | Build | Mill |
| 4:55 | Create | Villager (Male) |
| 4:56 | Create | Villager (Male) |
| 4:58 | Create | Villager (Male) |
| 5:53 | Create | Villager (Male) |
| 5:53 | Create | Villager (Male) |
| 6:11 | Create | Villager (Male) |
| 6:29 | Create | Villager (Male) |
| 6:33 | Research | Loom |
| 7:04 | Research | Feudal Age |
| 8:33 | Build | Barracks |
| 8:42 | Create | Villager (Male) |
| 9:15 | Age | Feudal Age |
| 9:17 | Build | Stable |
| 9:18 | Create | Villager (Male) |
| 9:19 | Research | Double-Bit Axe |
| 9:23 | Research | Horse Collar |
| 9:40 | Create | Villager (Male) |
| 9:58 | Create | Scout Cavalry |
| 10:01 | Build | House |
| 10:05 | Build | House |
| 10:09 | Create | Scout Cavalry |
| 10:10 | Create | Villager (Male) |
| 10:30 | Build | Palisade Wall |
| 10:37 | Build | House |
| 10:42 | Create | Scout Cavalry |
| 10:43 | Create | Villager (Male) |
| 10:52 | Create | Villager (Male) |
| 10:59 | Build | Palisade Wall |
| 11:06 | Create | Spearman |
| 11:18 | Create | Villager (Male) |
| 11:21 | Build | Farm |
| 11:22 | Build | Farm |
| 11:23 | Build | Farm |
| 11:38 | Create | Scout Cavalry |
| 12:03 | Build | Archery Range |
| 12:05 | Create | Villager (Male) |
| 12:29 | Create | Villager (Male) |
| 12:30 | Build | Farm |
| 12:31 | Build | Farm |
| 12:33 | Build | Farm |
| 12:57 | Build | Farm |
| 12:58 | Create | Skirmisher |
| 12:58 | Create | Skirmisher |
| 13:08 | Build | Palisade Wall |
| 13:13 | Create | Skirmisher |
| 13:18 | Create | Villager (Male) |
| 13:27 | Build | Farm |
| 13:34 | Build | Farm |
| 13:35 | Create | Villager (Male) |
| 14:12 | Create | Villager (Male) |
| 14:21 | Create | Skirmisher |
| 14:22 | Create | Villager (Male) |
| 14:25 | Build | Farm |
| 14:26 | Build | Farm |
| 14:27 | Build | Farm |
| 14:29 | Build | Farm |
| 14:51 | Create | Skirmisher |
| 14:52 | Create | Villager (Male) |
| 15:05 | Build | House |
| 15:06 | Create | Villager (Male) |
| 15:08 | Build | House |
| 15:09 | Build | House |
| 15:10 | Create | Villager (Male) |
| 15:12 | Build | Farm |
| 15:27 | Create | Villager (Male) |
| 15:43 | Create | Villager (Male) |
| 15:49 | Build | Blacksmith |
| 15:51 | Create | Villager (Male) |
| 16:02 | Build | House |
| 16:31 | Create | Villager (Male) |
| 16:56 | Create | Villager (Male) |
| 16:59 | Create | Villager (Male) |
| 17:02 | Build | Mining Camp |
| 17:05 | Build | Palisade Wall |
| 17:32 | Create | Villager (Male) |
| 17:34 | Build | Farm |
| 17:35 | Build | Farm |
| 17:49 | Build | House |
| 17:54 | Build | Farm |
| 18:32 | Build | Lumber Camp |
| 18:40 | Build | House |
| 18:41 | Build | House |
| 18:50 | Research | Castle Age |
| 19:13 | Create | Skirmisher |
| 19:13 | Create | Skirmisher |
| 19:14 | Create | Villager (Male) |
| 19:25 | Research | Gold Mining |
| 19:42 | Create | Skirmisher |
| 19:42 | Create | Skirmisher |
| 19:46 | Build | Palisade Gate |
| 20:00 | Create | Skirmisher |
| 20:10 | Research | Fletching |
| 20:10 | Research | Fletching |
| 20:15 | Build | Lumber Camp |
| 20:30 | Build | House |
| 20:55 | Build | Stable |
| 21:23 | Create | Villager (Male) |
| 21:30 | Age | Castle Age |
| 21:31 | Create | Knight |
| 21:31 | Create | Knight |
| 21:33 | Research | Bodkin Arrow |
| 21:34 | Research | Bodkin Arrow |
| 21:35 | Research | Elite Skirmisher (upgrade) |
| 21:35 | Create | Villager (Male) |
| 21:47 | Research | Bow Saw |
| 21:58 | Create | Knight |
| 22:15 | Create | Knight |
| 22:16 | Create | Villager (Male) |
| 22:23 | Create | Villager (Male) |
| 22:35 | Build | Monastery |
| 22:58 | Create | Knight |
| 22:59 | Create | Knight |
| 23:06 | Create | Villager (Male) |
| 23:06 | Create | Villager (Male) |
| 23:23 | Create | Monk |
| 23:42 | Research | Husbandry |
| 23:43 | Create | Villager (Male) |
| 23:45 | Create | Villager (Male) |
| 24:03 | Create | Monk |
| 24:32 | Create | Monk |
| 24:39 | Create | Villager (Male) |
| 24:39 | Create | Villager (Male) |
| 24:41 | Create | Knight |
| 24:41 | Create | Knight |
| 24:41 | Create | Knight |
| 24:42 | Create | Villager (Male) |
Match timeline
| 8:33 | 73_Quảng Bình · first_building Barracks |
| 8:39 | kk900826 · first_building Barracks |
| 8:53 | kk900826 · age_up feudal |
| 9:15 | 73_Quảng Bình · age_up feudal |
| 9:17 | 73_Quảng Bình · first_building Stable |
| 9:33 | kk900826 · first_building Archery Range |
| 10:30 | 73_Quảng Bình · wall_segment Palisade Wall x12 |
| 10:31 | kk900826 · wall_segment Palisade Wall x14 |
| 10:59 | 73_Quảng Bình · wall_segment Palisade Wall x8 |
| 11:35 | kk900826 · wall_segment Palisade Wall x3 |
| 11:45 | kk900826 · wall_segment Palisade Wall x12 |
| 12:03 | 73_Quảng Bình · first_building Archery Range |
| 12:22 | kk900826 · wall_segment Palisade Wall x1 |
| 12:23 | kk900826 · wall_segment Palisade Wall x1 |
| 13:08 | 73_Quảng Bình · wall_segment Palisade Wall x8 |
| 13:54 | kk900826 · wall_segment Palisade Wall x5 |
| 13:55 | kk900826 · wall_segment Palisade Wall x3 |
| 15:00 | kk900826 · wall_segment Palisade Wall x1 |
| 15:20 | kk900826 · wall_segment Palisade Wall x3 |
| 16:51 | kk900826 · wall_segment Palisade Wall x1 |
| 17:05 | 73_Quảng Bình · wall_segment Palisade Wall x9 |
| 18:06 | kk900826 · wall_segment Palisade Wall x1 |
| 18:11 | kk900826 · wall_segment Palisade Wall x1 |
| 19:11 | kk900826 · first_building Stable |
| 21:20 | kk900826 · age_up castle |
| 21:30 | 73_Quảng Bình · age_up castle |
| 22:08 | kk900826 · wall_segment Palisade Wall x1 |
| 22:35 | 73_Quảng Bình · first_building Monastery |
| 23:18 | kk900826 · first_building Monastery |
| 24:00 | kk900826 · wall_segment Palisade Wall x1 |
| 32:35 | 73_Quảng Bình · first_building Castle |
| 34:39 | kk900826 · resign |
[ AI ANALYSIS · 1 CREDIT ]
What really happened in this match?
Wolo.gg analyzes every decision: build order, eco, micro, common mistakes by bracket. Personalized analysis on WhatsApp or Discord in 30 seconds.
Civ guide
Berbers
Perfil
Jugador #2909935